 Dungeon Crawl Stone Soup version 0.18-a0-1702-gd20c6a5 (webtiles) character file.

1229 PowerOverwhelming the Grappler (level 8, -1/62 HPs)
             Began as a Black Draconian Transmuter on Apr 6, 2016.
             Slain by wvc's ghost (11 damage)
             ... on level 6 of the Dungeon.
             The game lasted 00:15:17 (5861 turns).

PowerOverwhelming the Grappler (DrTm)               Turns: 5861, Time: 00:15:17

Health: -1/62      AC:  9    Str: 14    XL:     8   Next: 24%
Magic:  11/11      EV:  7    Int: 14    God:
Gold:   339        SH:  5    Dex: 12    Spells: 2 memorised, 8 levels left

rFire  . . .     SeeInvis .       - Unarmed
rCold  . . .     Gourm    .     (armour unavailable)
rNeg   . . .     Faith    .     n - +0 buckler
rPois  +         Spirit   .     (helmet restricted)
rElec  +         Dismiss  .     g - +1 cloak {rPois}
rCorr  .         Reflect  .     (no gloves)
SustAt .         Harm     .     v - +0 pair of boots
MR     .....                    (no amulet)
Stlth  +.........               (no ring)
                                (no ring)

@: short of breath, appendage, not resistant to hostile enchantments, very
unstealthy
A: breathe lightning, unfitting armour, horns 2, electricity resistance,
cold-blooded, AC +6
a: Breathe Lightning, End Transformation


You were on level 6 of the Dungeon.
You were full.
You had grown temporary horns.
You visited 1 branch of the dungeon, and saw 6 of its levels.
You also visited: Ossuary.

You collected 339 gold pieces.

Inventory:

Missiles
 a - 54 arrows
 f - 12 arrows of frost
Armour
 g - a +1 cloak of poison resistance (worn)
 n - a +0 buckler (worn)
 v - a +0 pair of boots (worn)
Scrolls
 i - 7 scrolls of identify
 j - a scroll of recharging
 k - 2 scrolls of magic mapping
 s - 4 scrolls of remove curse
 t - a scroll of enchant armour {unknown}
 x - a scroll of random uselessness {unknown}
Potions
 e - a potion of cancellation
 l - 2 potions of curing
 o - a potion of resistance
 p - a potion of lignification
 q - 2 potions of haste
 r - a potion of invisibility {unknown}
 u - 2 potions of brilliance {unknown}
 w - a potion of berserk rage {unknown}
Books
 b - a book of Changes

   Spells                             Type                      Level
   a - Beastly Appendage              Transmutation                1
   b - Sticks to Snakes               Transmutation                2
   c - Spider Form                    Transmutation/Poison         3
   d - Ice Form                       Ice/Transmutation            4
   e - Blade Hands                    Transmutation                5
Comestibles
 c - 2 bread rations
 d - a beef jerky
 h - a meat ration
 m - 2 royal jellies


   Skills:
 + Level 2.3 Fighting
 - Level 1.7 Dodging
 - Level 4.7 Shields
 + Level 8.4 Unarmed Combat
 - Level 2.0 Spellcasting
 * Level 3.5 Transmutations


You had 8 spell levels left.
You knew the following spells:

 Your Spells              Type           Power        Failure   Level  Hunger
a - Beastly Appendage     Trmt           ##....       6%          1    ##.....
b - Sticks to Snakes      Trmt           ##......     10%         2    ###....


Dungeon Overview and Level Annotations

Branches:
Dungeon (6/15)
 Temple: D:4-7

Altars:
Cheibriados
Qazlal
Ru
Xom
The Shining One

Shops:
D:4 *

Annotations:
D:6 wvc's ghost, novice DrMo


Innate Abilities, Weirdness & Mutations

You can breathe wild blasts of lightning.
Your glossy black scales are hard (AC +6).
Your body does not fit into most forms of armour.
You are resistant to electric shocks.
You are cold-blooded and may be slowed by cold attacks.
You have a pair of horns on your head.


Message History

You barely miss wvc's ghost. Your headbutt misses wvc's ghost.
Wvc's ghost is lightly damaged.
Wvc's ghost hits you.
You barely miss wvc's ghost.
You headbutt wvc's ghost, but do no damage.
Wvc's ghost is lightly damaged.
Wvc's ghost hits you.
You closely miss wvc's ghost.
Wvc's ghost is lightly damaged.
You hit wvc's ghost.
You headbutt wvc's ghost, but do no damage.
Your tail-slap misses wvc's ghost.
Wvc's ghost is moderately damaged.
You block wvc's ghost's attack.
You hit wvc's ghost. Your headbutt misses wvc's ghost.
Wvc's ghost is moderately damaged.
Wvc's ghost hits you!
* * * LOW HITPOINT WARNING * * *
Wvc's ghost hits you!
You die...

........................#
........................#
........................#
.................########
.................#
.................#
.................#
.................#
...............W@#
................[#
.................#
.................#
..[..............#
.................#
.................#
.................#
...........(.....#


You could see wvc's ghost.

Vanquished Creatures
  2 ogres
  A giant frog (D:6)
  A scorpion (D:4)
  4 hounds
  A giant frog zombie (D:6)
  2 orc priests
  A giant frog skeleton (D:4)
  3 orc wizards
  A human zombie (Ossuary)
  Jessica (D:2)
  2 iguanas
  7 worker ants
  4 mummies (Ossuary)
  7 gnolls
  5 oozes
  3 adder zombies
  An adder skeleton (D:4)
  3 worms
  3 dart slugs
  6 giant geckos
  7 orcs
  10 bats
  6 giant cockroaches
  10 goblins
  7 hobgoblins
  5 jackals
  4 quokkas
  A giant gecko skeleton (D:4)
  11 giant newts
  A hobgoblin zombie (Ossuary)
  A jackal zombie (D:5)
  4 kobolds
  A quokka skeleton (D:5)
  10 rats
136 creatures vanquished.

Vanquished Creatures (collateral kills)
  2 elf zombies (Ossuary)
  An adder zombie (Ossuary)
  A goblin zombie (Ossuary)
  2 hobgoblin zombies (Ossuary)
  A jackal zombie (Ossuary)
  A kobold zombie (Ossuary)
  A rat zombie (Ossuary)
9 creatures vanquished.

Grand Total: 145 creatures vanquished

Notes
Turn   | Place    | Note
--------------------------------------------------------------
     0 | D:1      | PowerOverwhelming the Draconian Transmuter began the quest for the Orb.
     0 | D:1      | Reached XP level 1. HP: 16/16 MP: 3/3
   173 | D:1      | Reached XP level 2. HP: 23/23 MP: 5/5
   584 | D:1      | Reached skill level 4 in Unarmed Combat
   777 | D:1      | Reached XP level 3. HP: 28/28 MP: 6/6
   996 | D:2      | Noticed Jessica
  1003 | D:2      | Killed Jessica
  1069 | D:2      | Reached XP level 4. HP: 28/35 MP: 7/7
  1210 | D:2      | Reached skill level 5 in Unarmed Combat
  1256 | D:2      | Reached skill level 1 in Shields
  2211 | D:3      | Reached XP level 5. HP: 32/40 MP: 6/8
  2423 | D:3      | Found a stormy altar of Qazlal.
  2787 | D:3      | Learned a level 2 spell: Sticks to Snakes
  2928 | D:4      | Noticed an ogre
  3129 | D:4      | Found Pethy's General Store.
  3151 | D:4      | Reached skill level 6 in Unarmed Combat
  3151 | D:4      | Reached XP level 6. HP: 44/47 MP: 9/9
  3160 | D:4      | Found a sand-covered staircase.
  3169 | Ossuary  | Entered an ossuary
  3609 | D:4      | Your scales start taking on a glossy black colour.
  3609 | D:4      | Reached XP level 7. HP: 39/52 MP: 4/10
  3609 | D:4      | Gained mutation: You are resistant to electric shocks. [Black Draconian growth]
  3662 | D:4      | Found a shimmering altar of Xom.
  3985 | D:4      | Reached skill level 7 in Unarmed Combat
  4179 | D:4      | Found a snail-covered altar of Cheibriados.
  4345 | D:5      | Entered Level 5 of the Dungeon
  4535 | D:5      | Found a glowing golden altar of the Shining One.
  4692 | D:5      | Found a sacrificial altar of Ru.
  4889 | D:6      | Noticed wvc's ghost (novice DrMo)
  4909 | D:5      | Reached skill level 8 in Unarmed Combat
  5121 | D:6      | Reached XP level 8. HP: 51/59 MP: 11/11
  5861 | D:6      | Slain by wvc's ghost

Vault maps used:
D:1:      eino_arrival_tree_alley
D:2:      nrook_uturn, uniq_jessica
D:3:      lemuel_doored_altar, kennysheep_doodads, nrook_mini_backslash,
          minmay_misc_feat_five
D:4:      xom_confusion_cloud, cheibriados_altar_1,
          nicolae_ossuary_entry_monument, serial_shops,
          nicolae_shop_window_shopping, kennysheep_small_square
D:5:      nicolae_ru_great_annihilating_truth, basic_altar, first_bread,
          grunt_ministairs_3
D:6:      nicolae_ashenzari_panopticon
Ossuary:  ossuary_minmay_tomb_2a

Skill      XL: |  1  2  3  4  5  6  7  8 |
---------------+-------------------------+-----
Unarmed Combat | 4 5 6 8 |  8.4
Shields        | 1 3 4 |  4.7
Fighting       | 2 |  2.3
Transmutations | 3 |  3.5
Dodging        | |  1.7
Spellcasting   | |  2.0

Action                   |  1- 3 |  4- 6 |  7- 9 || total
-------------------------+-------+-------+-------++-------
Melee: Unarmed           |   101 |   269 |   235 ||   605
 Cast: Beastly Appendage |       |    15 |     7 ||    22
       Sticks to Snakes  |       |     5 |       ||     5
 Abil: Breathe Lightning |       |       |     7 ||     7
  Use: Potion            |       |     6 |     1 ||     7
       Scroll            |       |     9 |     1 ||    10
 Stab: Sleeping          |     1 |     3 |     1 ||     5
       Paralysed         |       |       |     2 ||     2
       Distracted        |       |       |     1 ||     1
  Eat: Chunk             |       |     3 |     6 ||     9
       Bread ration      |       |     1 |     2 ||     3
       Pizza             |       |     1 |       ||     1
